 Dungeon Crawl Stone Soup version 0.25-a0-842-g81a31cfd23 (webtiles) character file.

Game seed: 5359030304896037454, levelgen mode: deterministic

198 wvc the Cutter (level 5, -1/24 HPs)
             Began as a Vine Stalker Wanderer on Apr 24, 2020.
             Slain by Sigmund
             ... wielding a +0 scythe
              (5 damage)
             ... on level 4 of the Dungeon.
             The game lasted 00:08:11 (2902 turns).

wvc the Cutter (Vine Stalker Wanderer)              Turns: 2902, Time: 00:08:11

Health: -1/24      AC:  6    Str: 14    XL:     5   Next: 77%
Magic:  0/6        EV:  9    Int: 12    God:
Gold:   193        SH:  3    Dex: 15    Spells: 4/4 levels left

rFire    + . .     SeeInvis .   h - +1 dagger
rCold    . . .     Gourm    .   r - +0 buckler
rNeg     . . .     Faith    .   j - +1 ring mail
rPois    .         Spirit   +   (no helmet)
rElec    .         Reflect  .   m - scarf {repulsion}
rCorr    .         Harm     .   (no gloves)
MR       .....                  (no boots)
Stlth    +.........             (no amulet)
HPRegen  0.48/turn              g - ring of protection from fire
MPRegen  0.10/turn              (no ring)

@: about to teleport, repel missiles
A: fangs 2, regeneration 1, magic shield, antimagic bite, no potion heal 3, rot
immunity
a: no special abilities


You were on level 4 of the Dungeon.
You were not hungry.

You visited 1 branch of the dungeon, and saw 4 of its levels.

You collected 193 gold pieces.

Inventory:

Hand Weapons
 a - a +2 mace
 b - a +0 hand crossbow
 h - a +1 dagger (weapon)
Missiles
 c - 42 bolts
Armour
 e - a +0 cloak
 j - a +1 ring mail (worn)
 m - a scarf of repulsion (worn)
 r - a +0 buckler (worn)
Jewellery
 g - a ring of protection from fire (left hand)
Wands
 u - a wand of digging (6)
Scrolls
 i - 2 scrolls of enchant weapon
 o - a scroll of enchant armour
 q - a scroll of identify
 s - 2 scrolls of immolation
 t - a scroll of teleportation
Potions
 d - a potion of lignification
 k - 2 potions of curing
 l - 2 potions of heal wounds
 n - 2 potions of resistance
Comestibles
 f - 6 rations
 p - 5 chunks of flesh


   Skills:
 + Level 4.6 Short Blades
   Level 1.7(2.3) Axes
 - Level 2.1(2.5) Maces & Flails
 - Level 3.2 Armour
 - Level 1.2 Stealth
 + Level 0.3 Shields
 - Level 1.0 Evocations


You had 4 spell levels left.
You didn't know any spells.
Your spell library was empty.

Dungeon Overview and Level Annotations

Branches:
Dungeon (4/15)
 Temple: D:4-7

Altars:
Zin

Annotations:
D:4 Sigmund


Innate Abilities, Weirdness & Mutations

You have extremely sharp teeth.
Your natural rate of healing is unusually fast.
When hurt, damage is shared between your health and your magic reserves.
Your bite disrupts and absorbs the magic of your enemies.
Potions cannot restore your health.
You are immune to rotting.


Message History

You feel invigorated.
The orc priest is moderately wounded.
The orc priest closely misses you. Sigmund closely misses you.
The orc hits you but does no damage.
You barely miss the orc priest. Your bite misses the orc priest.
The orc priest is moderately wounded.
You block the orc priest's attack.
You hit the orc priest.
The orc priest is moderately wounded.
The orc closely misses you.
Sigmund mumbles some strange words.
Sigmund flickers and vanishes!
Deactivating autopickup; reactivate with Ctrl-A.
The orc priest calls down the wrath of Beogh upon you.
Beogh smites you!
* * * LOW HITPOINT WARNING * * *
As you read the scroll of teleportation, it crumbles to dust.
You feel strangely unstable. The orc hits you but does no damage.
Something hits you.
You die...

.....##...# ..
.......#... ...
.......##.# #.#
.##....##.###.# .
..##...##..#..## .#
..###.....###..# #..#
...#........).## .....
.....###.......###......
.#....##..>....)@o{.....
.....##........o......#.
....###......#........#
#...# #......#..........
##..# ##.##..###........
#### ####.## ####....#
### .?... #...#


You could see an orc priest and an orc.

Vanquished Creatures
  An orc priest (D:4)
  2 orc wizards (D:3)
  4 adders
  An ooze (D:2)
  A worm (D:4)
  2 leopard geckos
  6 orcs
  A ball python (D:1)
  7 bats
  3 giant cockroaches
  4 goblins
  12 hobgoblins
  4 jackals (D:3)
  4 kobolds
  A quokka (D:3)
  3 frilled lizards
  6 rats
62 creatures vanquished.

Notes
Turn   | Place    | Note
-------+----------+-------------------------------------------
     0 | D:1      | wvc the Vine Stalker Wanderer began the quest for the Orb.
     0 | D:1      | wvc set off with the following items: a +2 mace, a +0 hand
                  | crossbow, 23 bolts, a potion of lignification, a +0 robe, a
                  | ration
     0 | D:1      | Reached XP level 1. HP: 9/9 MP: 2/2
    77 | D:1      | Reached XP level 2. HP: 10/13 MP: 3/3
    88 | D:1      | Reached skill level 1 in Short Blades
   790 | D:2      | Reached XP level 3. HP: 11/16 MP: 4/4
   930 | D:2      | Reached skill level 2 in Short Blades
  1033 | D:2      | Found a glowing silver altar of Zin.
  2133 | D:3      | Gained mutation: Your natural rate of healing is unusually
                  | fast. [Vine Stalker growth]
  2133 | D:3      | Reached XP level 4. HP: 21/21 MP: 5/5
  2145 | D:3      | Reached skill level 3 in Short Blades
  2811 | D:3      | Reached skill level 4 in Short Blades
  2811 | D:3      | Reached XP level 5. HP: 24/24 MP: 6/6
  2892 | D:4      | Noticed Sigmund
  2902 | D:4      | Slain by Sigmund

Levels and vault maps discovered:
D:1:      nicolae_arrival_memento_mori, layout_basic, corexii_hall_statues_s
D:2:      layout_basic, lemuel_doored_altar, first_ration
D:3:      layout_basic
D:4:      layout_cave_pools, minmay_temple_entry_mist, serial_shops,
          nicolae_shop_waterfront, uniq_sigmund

Skill      XL: |  1  2  3  4 |
---------------+-------------+-----
Maces & Flails | 2 |  2.1
Short Blades   | 1 2 4 |  4.6
Axes           | |  1.7
Armour         | |  3.2
Stealth        | |  1.2
Shields        | |  0.3
Evocations     | |  1.0

Action                   |  1- 3 |  4- 6 || total
-------------------------+-------+-------++-------
Melee: Mace              |    36 |       ||    36
       Bite              |    16 |    34 ||    50
       Dagger            |    81 |   156 ||   237
  Use: Scroll            |     8 |     4 ||    12
 Stab: Sleeping          |     1 |       ||     1
  Eat: Chunk             |     3 |       ||     3
       Ration            |     1 |       ||     1
Armor: Robe              |     2 |       ||     2
       Ring mail         |    54 |    50 ||   104
Dodge: Dodged            |    66 |    64 ||   130
       Repelled          |       |     1 ||     1
Block: Buckler           |       |    17 ||    17

Table legend:
 A = Non-vault XP
 B = Vault XP
 C = Vault XP percentage of total XP
 D = Non-vault monster count
 E = Vault monster count
 F = Vault count percentage of total count
                 A         B        C        D         E       F
            +---------+---------+-------+---------+---------+-------
      Total |     284 |       0 |   0.0 |      62 |       0 |   0.0
            +---------+---------+-------+---------+---------+-------
        D:1 |      30 |       0 |   0.0 |      18 |       0 |   0.0
        D:2 |      46 |       0 |   0.0 |      18 |       0 |   0.0
        D:3 |     143 |       0 |   0.0 |      22 |       0 |   0.0
        D:4 |      65 |       0 |   0.0 |       4 |       0 |   0.0
            +---------+---------+-------+---------+---------+-------
